 Dungeon Sprint DCSS version 0.32-a0-314-g526f7d4993 (webtiles) character file.

Game seed: 11113304514971924501

58783 BigDaddyOpFi the Slayer (level 14, -23/155 HPs)
             Began as a Minotaur Fighter on Dec 8, 2023.
             Was the Champion of Qazlal.
             Annihilated by Donald
             ... wielding a +3 heavy broad axe
              (35 damage)
             ... in the Dungeon (Sprint IX: "|||||||||||||||||||||||||||||") on Feb 15, 2024.
             The game lasted 00:10:00 (5416 turns).

BigDaddyOpFi the Slayer (Minotaur Fighter)          Turns: 5416, Time: 00:10:01

Health: -23/155    AC: 34    Str: 30    XL:     14   Next: 50%
Magic:  5/26       EV:  9    Int:  5    God:    Qazlal [******]
Gold:   233        SH: 18    Dex: 15    Spells: 13/13 levels left

rFire   . . .        n - +5 broad axe (freeze)
rCold   . . .        c - +0 buckler
rNeg    . . .        o - +2 plate armour
rPois   .            w - +1 hat {Will+}
rElec   .            E - +1 cloak
rCorr   .            C - +1 pair of gloves
SInv    .            v - +0 pair of boots
Will    ++...        (no amulet) Stlth
                     r - +6 ring of dexterity
HPRegen 0.45/turn    q - +3 ring of strength
MPRegen 0.20/turn

%: no teleportation, repel missiles
@: protected from physical damage
A: horns 2, retaliatory headbutt
a: Renounce Religion, Upheaval, Elemental Force, Disaster Area


You were in the Dungeon.
You worshipped Qazlal.
Qazlal was exalted by your worship.
You visited 1 branch You collected 233 gold pieces.

Inventory:

Hand Weapons
 n - a +5 broad axe of freezing (weapon)
 B - a +3 broad axe
 G - a +0 great mace of protection
Missiles
 k - a throwing net
Armour
 c - a +0 buckler (worn)
 o - a +2 plate armour (worn)
 t - a +0 helmet
 u - a +0 cloak
 v - a +0 pair of boots (worn)
 w - a +1 hat of willpower (worn)
 C - a +1 pair of gloves (worn)
 D - a +3 chain mail
 E - a +1 cloak (worn)
 I - +0 fire dragon scales
Jewellery
 p - a +3 ring of intelligence
 q - a +3 ring of strength (right hand)
 r - a +6 ring of dexterity (left hand)
 x - a ring of ice
 y - a ring of willpower
 z - a ring of fire
 A - a ring of fire
Wands
 m - a wand of roots (9) (quivered)
Scrolls
 j - a scroll of blinking
 l - 2 scrolls of amnesia
 s - 2 scrolls of identify
 H - 3 scrolls of fog
Potions
 b - 2 potions of resistance
 d - a potion of might
 e - 3 potions of curing
 f - a potion of invisibility
 g - a potion of haste
 h - 3 potions of magic
 i - 2 potions of berserk rage
 F - a potion of mutation


   Skills:
 + Level 22.6 Fighting
 + Level 22.4 Axes
 + Level 22.3 Armour
 + Level 22.3 Shields
 * Level 18.3 Invocations


You had 13 spell levels left.
You didn't know any spells.
Your spell library was empty.

Dungeon Overview and Level Annotations

Branches:
Dungeon (1/1)

Altars:
Cheibriados
Dithmenos
Elyvilon
Fedhas
Gozag
Hepliaklqana
Kikubaaqudgha
Makhleb
Nemelex Xobeh
Okawaru
Qazlal
Ru
Sif Muna
Trog
Uskayaw
Vehumet
Wu Jian
Xom
Yredelemnul
Zin
The Shining One
Beogh
Jiyva
Lugonu

Shops:
D *=[=

Annotations:
D Donald


Innate Abilities, Weirdness & Mutations

You have a pair of horns on your head.
You reflexively headbutt those who attack you in melee.


Message History

Blink to where?
Press: ? - help, Dir - move target
As you read the scroll of blinking, it crumbles to dust.
Activating: Disaster Area (0% risk of failure)
Press: ? - help, Dir - look around, f - activate Nature churns violently around you!
The blast of magma engulfs the naga warrior!!!
You kill the naga warrior!
Qazlal accepts your kill.
The blast of magma engulfs the ironbound preserver!!
The ironbound preserver is moderately wounded.
The blast of magma engulfs the ironbound preserver!!
The ironbound preserver is heavily wounded.
Donald says, "I hate storms."
Donald hits you with a +3 heavy broad axe!
* * * LOW HITPOINT WARNING * * *
You feel more protected from physical attacks.
The ironbound preserver mumbles some strange words.
The ironbound preserver begins to accept its allies' injuries.
Okay, then.
Blink to where?
Press: ? - help, Dir - move target
As you read the scroll of blinking, it crumbles to dust.
Aiming: Upheaval
Press: ? - help, Dir - move target, f - Donald
Aim: Donald, wielding a +3 heavy broad axe, wearing a +1 plate armour of willpower and wearing a +0 kite shield (almost dead, fast, strong, sheltered from injuries)
The ground shakes violently, spewing rubble!
The blast of rubble hits Donald but does no damage.
Donald is almost dead.
Donald says, "What was that?
Sorry, I couldn't hear you over all this noise."
You feel better. You block Donald's attack.
You feel better.
Donald says, "I hate disasters."
Donald hits you with a +3 heavy broad axe!!
* * * LOW HITPOINT WARNING * * *
You feel more protected from physical attacks.
You feel better.
Donald hits you with a +3 heavy broad axe!!
You die...
Donald says, "Well, maybe you weren't so bad after all."

▓.▓.▓.▓.▓.▓.▓)▓.▓.
▓.▓.▓'▓.▓.▓.▓)▓.▓.
▓[▓.▓.▓.▓.▓.▓.▓.▓.
▓.▓.▓.▓.▓.▓.▓.▓.▓.
▓.▓.▓≈▓.▓)▓.▓.▓.▓.
▓≈▓.▓.▓.▓(▓.▓.▓.▓.
▓.▓[▓≈▓.▓÷▓.▓'▓.▓.
▓.▓.▓≈▓.▓.▓.▓)▓.▓†
▓@▓.▓.▓.▓)▓.▓)▓.▓.
▓@▓.▓.▓.▓)▓.▓)▓.▓.
▓[▓.▓.▓.▓)▓.▓)▓.▓.
▓.▓.▓÷▓.▓)▓.▓)▓.▓.
▓[▓.▓)▓.▓÷▓.▓∩▓.▓.
▓.▓.▓÷▓.▓.▓.▓)▓.▓.
▓≈▓)▓)▓.▓.▓.▓∩▓.▓.
▓≈▓.▓.▓.▓.▓.▓.▓.▓.
▓[▓.▓)▓.▓.▓.▓∩▓.▓.


You could see Donald (fast, strong, sheltered).

Vanquished Creatures
  Rupert (D)
  Gastronok (D)
  A frost giant (D)
  A vault warden (D)
  A broodmother (D)
  3 ironbound thunderhulks (D)
  3 ironbound preservers (D)
  5 stone giants (D)
  A bunyip (D)
  2 ettins (D)
  2 entropy weavers (D)
  A yaktaur captain (D)
  2 alligators (D)
  2 ice dragons (D)
  A fire dragon (D)
  A hydra (D)
  An ironbound frostheart (D)
  A rakshasa (D)
  2 spriggan air magi (D)
  A catoblepas (D)
  2 centaur warriors (D)
  5 boulder beetles (D)
  A naga warrior (D)
  2 vampire magi (D)
  3 tengu warriors (D)
  Nergalle (D)
  A spriggan berserker (D)
  2 sea snakes (D)
  A pharaoh ant (D)
  A goliath frog (D)
  A skyshark (D)
  A flayed ghost (D)
  2 arcanists (D)
  A naga ritualist (D)
  2 lindwurms (D)
  2 wolf spiders (D)
  A harpy (D)
  2 ironbound convokers (D)
  A deep elf pyromancer (D)
  3 manticores (D)
  An ugly thing (D)
  7 orc sorcerers (D)
  A cyclops (D)
  A merfolk siren (D)
  A vault sentinel (D)
  A naga mage (D)
  A guardian serpent (D)
  6 black mambas (D)
  A torpor snail (D)
  3 cane toads (D)
  3 komodo dragons (D)
  2 rime drakes (D)
  Psyche (D)
  2 unseen horrors (D)
  A freezing wraith (D)
  A yaktaur (D)
  2 tengu conjurers (D)
  A merfolk (D)
  A guardian mummy (D)
  2 polar bears (D)
  3 blink frogs (D)
  2 tyrant leeches (D)
  A jumping spider (D)
  3 slime creatures (D)
  A water elemental (D)
  3 yaks (D)
  Grum (D)
  A basilisk (D)
  3 vampire mosquitoes (D)
  A redback (D)
  A water moccasin (D)
  A naga (D)
  14 orc warriors (D)
  A black bear (D)
  A boggart (D)
  3 wolves (D)
  A phantom (D)
  4 bullfrogs (D)
  2 howler monkeys (D)
  2 orc priests (D)
  A jelly (D)
  8 orc wizards (D)
  9 orcs (D)
  A ball python (D)
  2 hobgoblins (D)
  A jackal (D)
  A frilled lizard (D)
  A goblin (D)
180 creatures vanquished.

Vanquished Creatures (others)
  An occultist (D)
  A swamp dragon (D)
  A bloated husk (D)
  An orc wizard (D)
4 creatures vanquished.

Grand Total: 184 creatures vanquished

Notes
Turn   | Place    | Note
-------+----------+-------------------------------------------
     0 | D        | BigDaddyOpFi the Minotaur Fighter began the quest for the
                  | Orb.
     0 | D        | Reached XP level 1. HP: 19/19 MP: 0/0
    21 | D        | Noticed a jelly
    21 | D        | Noticed a black bear
    21 | D        | Noticed a phantom
    28 | D        | Reached XP level 2. HP: 28/28 MP: 1/1
    32 | D        | Reached skill level 5 in Fighting
    32 | D        | Reached skill level 5 in Armour
    32 | D        | Reached skill level 5 in Shields
    32 | D        | Reached XP level 3. HP: 24/36 MP: 2/2
    35 | D        | Killed a black bear
    36 | D        | Reached XP level 4. HP: 9/45 MP: 3/3
    43 | D        | Killed a phantom
    44 | D        | Reached XP level 5. HP: 34/53 MP: 4/4
   293 | D        | Found a snail-covered altar of Cheibriados.
   293 | D        | Found a shadowy altar of Dithmenos.
   293 | D        | Found a white marble altar of Elyvilon.
   293 | D        | Found a blossoming altar of Fedhas.
   293 | D        | Found an opulent altar of Gozag.
   294 | D        | Found a hazy altar of Hepliaklqana.
   295 | D        | Found a viscous altar of Jiyva.
   296 | D        | Found an ancient bone altar of Kikubaaqudgha.
   297 | D        | Found a corrupted altar of Lugonu.
   298 | D        | Found a burning altar of Makhleb.
   299 | D        | Found a sparkling altar of Nemelex Xobeh.
   300 | D        | Found an iron altar of Okawaru.
   301 | D        | Found a stormy altar of Qazlal.
   302 | D        | Found a sacrificial altar of Ru.
   303 | D        | Found a shimmering blue altar of Sif Muna.
   304 | D        | Found a bloodstained altar of Trog.
   305 | D        | Found a hide-covered altar of Uskayaw.
   306 | D        | Found a radiant altar of Vehumet.
   307 | D        | Found an ornate altar of the Wu Jian Council.
   308 | D        | Found a shimmering altar of Xom.
   309 | D        | Found a basalt altar of Yredelemnul.
   311 | D        | Became a worshipper of Qazlal Stormbringer
   313 | D        | Found a glowing silver altar of Zin.
   314 | D        | Found a glowing golden altar of the Shining One.
   357 | D        | Noticed a yak
   357 | D        | Noticed an orc warrior
   357 | D        | Noticed a yak
   357 | D        | Noticed an orc warrior
   362 | D        | Killed a yak
   363 | D        | Reached XP level 6. HP: 52/63 MP: 5/5
   363 | D        | Killed an orc warrior
   363 | D        | Reached * piety under Qazlal
   372 | D        | Killed an unseen horror
   373 | D        | Reached skill level 10 in Fighting
   373 | D        | Reached skill level 10 in Axes
   373 | D        | Reached skill level 10 in Armour
   373 | D        | Reached skill level 10 in Shields
   373 | D        | Reached XP level 7. HP: 36/73 MP: 6/6
   376 | D        | Killed a yak
   389 | D        | Reached ** piety under Qazlal
   585 | D        | Noticed a slime creature
   585 | D        | Noticed a centaur warrior
   585 | D        | Noticed a deep elf pyromancer
   585 | D        | Noticed a boulder beetle
   591 | D        | Killed a slime creature
   592 | D        | Reached XP level 8. HP: 57/82 MP: 3/7
   597 | D        | Killed a centaur warrior
   602 | D        | Killed a deep elf pyromancer
   603 | D        | Reached XP level 9. HP: 36/92 MP: 4/8
   609 | D        | Killed an unseen horror
   609 | D        | Reached *** piety under Qazlal
   619 | D        | Killed a boulder beetle
   954 | D        | Noticed a cane toad
   954 | D        | Noticed a black mamba
   954 | D        | Noticed a rime drake
   956 | D        | Noticed a skyshark
   962 | D        | Noticed a komodo dragon
   976 | D        | Killed a cane toad
   976 | D        | Reached **** piety under Qazlal
   982 | D        | Killed a black mamba
   985 | D        | Killed a skyshark
   986 | D        | Reached XP level 10. HP: 66/104 MP: 9/9
   995 | D        | Reached ***** piety under Qazlal
   996 | D        | Reached skill level 15 in Fighting
   996 | D        | Reached skill level 15 in Armour
   996 | D        | Reached skill level 15 in Shields
  1284 | D        | Noticed a torpor snail
  1286 | D        | Reached skill level 15 in Axes
  1289 | D        | Noticed a cane toad
  1313 | D        | Killed a torpor snail
  1313 | D        | Reached ****** piety under Qazlal
  1320 | D        | Killed a cane toad
  1352 | D        | Noticed a cane toad
  1360 | D        | Reached XP level 11. HP: 110/114 MP: 10/10
  1472 | D        | Noticed Gastronok
  1483 | D        | Killed Gastronok
  1506 | D        | Noticed Grum
  1516 | D        | Killed Grum
  1615 | D        | Noticed an orc sorcerer
  1632 | D        | Killed an orc sorcerer
  1813 | D        | Found Maomama's General Store.
  1813 | D        | Noticed an orc sorcerer
  1813 | D        | Noticed an orc sorcerer
  1813 | D        | Noticed an orc sorcerer
  1818 | D        | Killed an orc sorcerer
  1819 | D        | Reached skill level 1 in Invocations
  1819 | D        | Found Metruopt's Jewellery Shoppe.
  1820 | D        | Killed an orc sorcerer
  1823 | D        | Killed an orc sorcerer
  1826 | D        | Noticed an orc sorcerer
  1828 | D        | Found Xyacs's Armour Emporium.
  1828 | D        | Noticed an orc sorcerer
  1844 | D        | Killed an orc sorcerer
  1845 | D        | Noticed an orc sorcerer
  1853 | D        | Found Asunuixi's Jewellery Shoppe.
  1854 | D        | Killed an orc sorcerer
  1857 | D        | Killed an orc sorcerer
  1871 | D        | Reached skill level 5 in Invocations
  2332 | D        | Upgraded the game from 0.31-a0-1074-g0b22e4e0f1 to
                  | 0.32-a0-314-g526f7d4993
  2363 | D        | Noticed a boulder beetle
  2364 | D        | Noticed a centaur warrior
  2379 | D        | Killed a boulder beetle
  2385 | D        | Noticed a catoblepas
  2396 | D        | Reached XP level 12. HP: 76/127 MP: 6/15
  2396 | D        | Noticed a rakshasa
  2398 | D        | Noticed a tengu warrior
  2399 | D        | Killed a centaur warrior
  2399 | D        | Noticed a vampire mage
  2401 | D        | Killed a catoblepas
  2407 | D        | Killed a rakshasa
  2409 | D        | Killed a tengu warrior
  2411 | D        | Noticed an ice dragon
  2421 | D        | Killed a vampire mage
  2438 | D        | Killed an ice dragon
  3043 | D        | Noticed a bunyip
  3043 | D        | Noticed an alligator
  3048 | D        | Noticed an alligator
  3052 | D        | Killed a bunyip
  3053 | D        | Noticed a seven-headed hydra
  3055 | D        | Killed an alligator
  3056 | D        | Reached skill level 10 in Invocations
  3065 | D        | Killed a seven-headed hydra
  3070 | D        | Killed an alligator
  3757 | D        | Noticed a broodmother
  3757 | D        | Noticed a boulder beetle
  3757 | D        | Noticed an entropy weaver
  3762 | D        | Reached XP level 13. HP: 121/139 MP: 11/21
  3763 | D        | Killed a broodmother
  4663 | D        | Noticed Psyche
  4669 | D        | Killed Psyche
  4709 | D        | Noticed Nergalle
  4716 | D        | Killed Nergalle
  4721 | D        | Noticed Rupert
  4734 | D        | Killed Rupert
  4887 | D        | Noticed an ettin
  4887 | D        | Noticed a frost giant
  4887 | D        | Noticed an ettin
  4887 | D        | Noticed a stone giant
  4890 | D        | Killed an ettin
  4892 | D        | Noticed a stone giant
  4894 | D        | Killed a stone giant
  4894 | D        | Killed a frost giant
  4894 | D        | Killed a stone giant
  4894 | D        | Killed an ettin
  4895 | D        | Reached skill level 15 in Invocations
  4897 | D        | Noticed a stone giant
  4902 | D        | Killed a stone giant
  4903 | D        | Noticed a stone giant
  4911 | D        | Noticed a stone giant
  4913 | D        | Noticed a fire dragon
  4914 | D        | Killed a stone giant
  4915 | D        | Reached XP level 14. HP: 75/151 MP: 13/25
  4921 | D        | Killed a stone giant
  5343 | D        | Noticed an ironbound preserver
  5343 | D        | Noticed an ironbound thunderhulk
  5346 | D        | Killed an ironbound preserver
  5358 | D        | Killed an ironbound thunderhulk
  5361 | D        | Noticed a vault warden
  5364 | D        | Killed a vault warden
  5368 | D        | Noticed an ironbound thunderhulk
  5369 | D        | Noticed an ironbound thunderhulk
  5372 | D        | Noticed an ironbound preserver
  5376 | D        | Killed an ironbound thunderhulk
  5378 | D        | Killed an ironbound thunderhulk
  5379 | D        | Noticed an ironbound preserver
  5385 | D        | Killed an ironbound preserver
  5386 | D        | Noticed Donald
  5398 | D        | Killed an ironbound preserver
  5408 | D        | Noticed an ironbound preserver
  5415 | D        | HP: 2/155 [Donald/+3 heavy broad axe (28)]
  5416 | D        | Annihilated by Donald

Illustrated notes

Levels and vault maps discovered:
D:        linesprint [early_d, line_temple, items_1, d_10, items_2, lair_1,
          lair_end, items_3, orc_1, orc_end, items_4, d_15, swamp_1, shoals_1,
          snake_1, spider_1, d_20, vaults_1, items_5, swamp_end, shoals_end,
          snake_end, spider_end, vaults_end, d_27, items_6, zot_1, zot_end,
          crypt_end, forest_end, elf_end, slime_end, tomb_end, abyss_end,
          pan_hell_end]

Skill      XL: |  1  2  3  4  5  6  7  8  9 10 11 12 13 14 |
---------------+-------------------------------------------+-----
Fighting       | 4 5 6 7 9 10 11 12 14 16 18 19 21 22 | 22.6
Armour         | 4 5 6 7 9 10 11 12 14 16 18 19 21 22 | 22.3
Shields        | 4 5 6 7 9 10 11 12 14 16 18 19 21 22 | 22.3
Axes           | 3 4 6 7 8 10 11 12 14 16 18 19 21 22 | 22.4
Invocations    | 6 12 16 18 | 18.3

Action                     |  1- 3 |  4- 6 |  7- 9 | 10-12 | 13-15 || total
---------------------------+-------+-------+-------+-------+-------++-------
  Melee: War axe           |    25 |     7 |       |       |       ||    32
         Headbutt          |     3 |     3 |    11 |    54 |    28 ||    99
         Broad axe         |       |    14 |    61 |   288 |   113 ||   476
 Invoke: Upheaval          |       |       |     1 |     2 |     4 ||     7
         Disaster Area     |       |       |       |     7 |    11 ||    18
  Evoke: Wand              |       |       |       |     1 |       ||     1
    Use: Potion            |       |     1 |     2 |     6 |     7 ||    16
         Scroll            |       |       |     4 |     2 |     2 ||     8
   Stab: Petrified         |       |       |       |     1 |       ||     1
 Armour: Scale mail        |    20 |     5 |       |       |       ||    25
         Plate armour      |       |    21 |    61 |   132 |    59 ||   273
  Dodge: Dodged            |     9 |     4 |    13 |    32 |    14 ||    72
         Repelled          |       |       |       |     2 |     1 ||     3
  Block: Buckler           |     8 |     1 |    22 |   166 |    69 ||   266

Table legend: (Time is in decaauts)
 A = Elapsed time spent in this place.
 B = Non-inter-level travel time spent in this place.
 C = Inter-level travel time spent in this place.
 D = Time resting spent in this place.
 E = Time spent auto-exploring this place.
 F = Levels seen in this place.
 G = Mean time per level.
                   A        B        C        D        E       F      G
               +--------+--------+--------+--------+--------+-----+--------+
         Total |   5354 |   5354 |      0 |   3858 |      0 |   1 | 5354.0 |
       Dungeon |   5354 |   5354 |      0 |   3858 |      0 |   1 | 5354.0 |
               +--------+--------+--------+--------+--------+-----+--------+

Top non-repeatable levels by time:
       D: 5354 daAuts
